 Dungeon Crawl Stone Soup version 0.30-a0-23-ge60ba3568b (webtiles) character file.

Game seed: 12127815069400932272

50 testman the Sneak (level 3, 0/19 HPs)
             Began as a Spriggan Brigand on Aug 24, 2022.
             Slain by a gnoll
             ... wielding a +0 halberd
              (7 damage)
             ... on level 2 of the Dungeon.
             The game lasted 00:04:12 (1417 turns).

testman the Sneak (Spriggan Brigand)                Turns: 1417, Time: 00:04:12

Health: 0/19       AC:  3    Str:  7    XL:     3   Next: 55%
Magic:  4/4        EV: 16    Int: 12    God:
Gold:   129        SH:  0    Dex: 18    Spells: 2/2 levels left

rFire   . . .      SeeInvis +    a - +2 dagger
rCold   . . .      Faith    .    (no shield)
rNeg    . . .      Spirit   .    b - +0 robe
rPois   .          Reflect  .    (helmet restricted)
rElec   .          Harm     .    c - +0 cloak
rCorr   .          Rampage  .    (gloves unavailable)
Will    +....                    (boots unavailable)
Stlth   +++.......               (no amulet)
HPRegen 0.06/turn                j - ring of willpower
MPRegen 0.09/turn                i - +4 ring of slaying

@: very quick
A: very small, no large weapons, unfitting armour, see invisible, speed 3
a: no special abilities


You were on level 2 of the Dungeon.
You visited 1 branch of the dungeon, and saw 3 of its levels.

You collected 129 gold pieces.

Inventory:

Hand Weapons
 a - a +2 dagger (weapon)
Missiles
 d - 18 poisoned darts (quivered)
 e - 3 curare-tipped darts
Armour
 b - a +0 robe (worn)
 c - a +0 cloak (worn)
Jewellery
 h - a ring of magical power
 i - a +4 ring of slaying (right hand)
 j - a ring of willpower (left hand)
Scrolls
 g - a scroll of identify {unknown}
 k - 2 scrolls of immolation {unknown}
 l - a scroll of noise {unknown}
 m - a scroll of poison {unknown}
 n - a scroll of blinking {unknown}
Potions
 f - 2 potions of curing {unknown}


   Skills:
 + Level 2.5 Fighting
 + Level 3.4 Short Blades
 - Level 2.0 Throwing
 - Level 1.3 Dodging
 - Level 5.8 Stealth


You had 2 spell levels left.
You didn't know any spells.
Your spell library was empty.

Dungeon Overview and Level Annotations

Branches:
Dungeon (3/15)

Altars:
The Shining One


Innate Abilities, Weirdness & Mutations

You are very small and have problems with some larger weapons.
You are too small for most types of armour.
You have supernaturally acute eyesight. (SInv)
You cover ground extremely quickly. (Speed+++)


Message History

The helpless hobgoblin fails to defend itself.
You perforate the hobgoblin like a sieve!!!
You kill the hobgoblin!
You now have 129 gold pieces (gained 11).
m - a scroll labelled XALONO DACLO
Found an escape hatch in the floor.
There is an escape hatch in the floor here.
n - a scroll labelled EHA QIATOKECO The gnoll shouts! x2; You hear a shout!
You hit the gnoll but do no damage. The gnoll closely misses you.
You barely miss the gnoll. You closely miss the gnoll. The gnoll misses you.
You hit the gnoll.
The gnoll is moderately wounded.
The gnoll misses you. x2
You hit the gnoll.
The gnoll is severely wounded.
The gnoll completely misses you. The gnoll misses you.
You puncture the gnoll!
You kill the gnoll!
The gnoll misses you.
You closely miss the gnoll. The gnoll closely misses you.
You puncture the gnoll!
The gnoll is heavily wounded.
The gnoll barely misses you. The gnoll hits you with a +0 spear.
You barely miss the gnoll.
The gnoll is heavily wounded.
The gnoll barely misses you. The gnoll hits you with a +0 spear.
You hit the gnoll but do no damage.
The gnoll is heavily wounded.
The gnoll closely misses you. The gnoll hits you with a +0 spear.
You barely miss the gnoll.
The gnoll is heavily wounded.
The gnoll completely misses you. x2
You hit the gnoll.
The gnoll is almost dead.
You closely miss the gnoll.
The gnoll is almost dead.
The gnoll hits you from afar with a +0 halberd!
You die...

...# #...# #.##.##.#.####.#
...# #...# #.......#......#
##.#
#####...#####........†.#.... #
..................#.##.##.#....
.
...................##.........
#.
................#.##.##.#.... (
####.#[..#.###.......##.#.... .
#.#...#.#####........##### #
#.....g@..#.....#####..
#...#.###g#.....# #.# #...#.#
#.#.....## #.## .. #........#
#.## #. #..##.##.# #.##
###.##.##..##.##.####...
...........##...........
#.g###..##.#####.####### .# ..#
#...........#


You could see 2 gnolls.

Vanquished Creatures
  An adder (D:2)
  A gnoll (D:2)
  An orc (D:3)
  2 endoplasms (D:1)
  A giant cockroach (D:1)
  3 goblins
  3 hobgoblins
  3 jackals (D:1)
  4 kobolds
  A quokka (D:3)
  2 ball pythons
  2 bats
  A frilled lizard (D:1)
  3 rats
28 creatures vanquished.

Notes
Turn   | Place    | Note
-------+----------+-------------------------------------------
     0 | D:1      | testman the Spriggan Brigand began the quest for the Orb.
     0 | D:1      | Reached XP level 1. HP: 10/10 MP: 2/2
   511 | D:1      | Reached XP level 2. HP: 15/15 MP: 3/3
   882 | D:2      | You fall into a shaft and drop 1 floor!
   905 | D:3      | Reached XP level 3. HP: 18/18 MP: 4/4
  1164 | D:3      | Found a glowing golden altar of the Shining One.
  1417 | D:2      | Slain by a gnoll

Illustrated notes

Levels and vault maps discovered:
D:1:      minmay_arrival_up_and_down, layout_basic
D:2:      layout_loops_cross, hellmonk_ecumenical_altar_zigzags
D:3:      layout_loops_ring, nicolae_tso_swordbearing_angel,
          mainiacjoe_overflow_concentric_impassable,
          dreamdust_mushroom_princess, nrook_mini_vaults, kennysheep_donut

Skill      XL: |  1  2 |
---------------+-------+-----
Fighting       | 2 |  2.5
Short Blades   | 3 |  3.4
Throwing       | |  2.0
Dodging        | |  1.3
Stealth        | |  5.8

Action                   || total
-------------------------++-------
Melee: Dagger            ||    60
Throw: Dart              ||     4
 Stab: Sleeping          ||    11
Armor: Robe              ||     7
Dodge: Dodged            ||    28

Table legend: (Time is in decaauts)
 A = Elapsed time spent in this place.
 B = Non-inter-level travel time spent in this place.
 C = Inter-level travel time spent in this place.
 D = Time resting spent in this place.
 E = Time spent auto-exploring this place.
 F = Levels seen in this place.
 G = Mean time per level.
                   A        B        C        D        E       F      G
               +--------+--------+--------+--------+--------+-----+--------+
         Total |    963 |    949 |     14 |      0 |    743 |   3 |  321.0 |
       Dungeon |    963 |    949 |     14 |      0 |    743 |   3 |  321.0 |
               +--------+--------+--------+--------+--------+-----+--------+

Top non-repeatable levels by time:
     D:1: 581 daAuts
     D:3: 226 daAuts
     D:2: 155 daAuts
